 Dungeon Sprint DCSS version 0.26.1-11-gd32895ea62 (webtiles) character file.

Game seed: 15155551106744645632

10 Zeld the Chopper (level 2, -9/42 HPs)
             Began as a Minotaur Berserker on May 9, 2021.
             Was a Believer of Trog.
             Mangled by a merfolk siren
             ... wielding a +0 spear
              (11 damage)
             ... in the Dungeon (Sprint II: "The Violet Keep of Menkaure").
             The game lasted 00:00:17 (179 turns).

Zeld the Chopper (Minotaur Berserker)                Turns: 179, Time: 00:00:17

Health: -9/42      AC:  2    Str: 21    XL:     2   Next: 10%
Magic:  1/1        EV: 13    Int: -3 (4) God:    Trog [**....]
Gold:   243        SH:  0    Dex:  9    Spells: 1/1 levels left

rFire    . . .     SeeInvis .   a - +0 hand axe
rCold    . . .     Faith    .   (no shield)
rNeg     . . .     Spirit   .   b - +0 animal skin
rPois    .         Reflect  .   (helmet restricted)
rElec    .         Harm     .   (no cloak)
rCorr    .         Rampage  .   (no gloves)
Will     .....     NoTele   +   (no boots)
Stlth    ..........             (no amulet)
HPRegen  0.14/turn              (no ring)
MPRegen  0.07/turn              (no ring)

@: berserking, slowed, lost intelligence
A: retaliatory headbutt, horns 2
a: Renounce Religion, Berserk, Trog's Hand


You were in the Dungeon.
You worshipped Trog.
Trog was pleased with you.
You visited 1 branch You collected 243 gold pieces.

Inventory:

Hand Weapons
 a - a +0 hand axe (weapon)
Armour
 b - a +0 animal skin (worn)
Scrolls
 h - a scroll of blinking
Potions
 c - a potion of curing
 d - a potion of heal wounds
 e - a potion of haste
 f - 2 potions of magic
 g - a potion of berserk rage


   Skills:
 * Level 4.7 Fighting
 * Level 4.7 Axes
 - Level 2.4 Armour
 * Level 3.4 Dodging


You had one spell level left.
You didn't know any spells.
Your spell library was empty.

Dungeon Overview and Level Annotations

Branches:
Dungeon (1/1)

Altars:


Innate Abilities, Weirdness & Mutations

You reflexively headbutt those who attack you in melee.
You have a pair of horns on your head.


Message History

The merfolk siren hits you from afar with a +0 spear.
The neqoxec hits you!
* * * LOW HITPOINT WARNING * * *
The merfolk siren hits you from afar with a +0 spear!
* * * LOW HITPOINT WARNING * * *
You can move again.
You are too injured to fight recklessly!
Unknown command.
You are too injured to fight recklessly!
Unknown command.
You are too injured to fight recklessly!
Unknown command.
You hit the neqoxec. You headbutt the neqoxec!
The neqoxec is almost dead.
The neqoxec gestures at you.
You feel dopey. Something feeds on your intellect!
The neqoxec gestures.
The merfolk siren hits you from afar with a +0 spear!
You die...

##+#
##..###
#.†##.#
##.#†# #
##'# .#
##.##3.#
+.5@33#
##5##3#
#m# 5#
... #
..#. ##.
. ## ##


You could see a merfolk siren, 4 neqoxecs, an iron imp (summoned), a crimson imp
(summoned) and an ufetubus (summoned).

Vanquished Creatures
  3 worms (D)
3 creatures vanquished.

Vanquished Creatures (others)
  A water moccasin (D)
1 creature vanquished.

Grand Total: 4 creatures vanquished

Notes
Turn   | Place    | Note
-------+----------+-------------------------------------------
     0 | D        | Zeld the Minotaur Berserker began the quest for the Orb.
     0 | D        | Reached XP level 1. HP: 19/19 MP: 0/0
     9 | D        | Reached ** piety under Trog
    10 | D        | Reached XP level 2. HP: 19/28 MP: 1/1
    48 | D        | Killed a water moccasin
   172 | D        | Noticed a merfolk siren
   173 | D        | Noticed a neqoxec
   173 | D        | Noticed a neqoxec
   173 | D        | Noticed a neqoxec
   175 | D        | Noticed a neqoxec
   176 | D        | Lost intelligence.
   178 | D        | HP: 2/42 [merfolk siren/+0 spear (9)]
   179 | D        | Mangled by a merfolk siren

Illustrated notes

Levels and vault maps discovered:
D:        the_violet_keep_of_menkaure [sprint2_stairs_cluster_1,
          sprint2_shoproom, sprint2_temple, sprint2_basic_supplies,
          sprint2_obstacle_3, sprint2_obstacle_5, sprint2_obstacle_4,
          sprint2_obstacle_1, sprint2_obstacle_7, sprint2_timed_cluster_1,
          sprint2_smallroom_cluster_1, sprint2_smallroom_final_cluster_1,
          sprint2_transparent_cluster_1, sprint2_second_timed_cluster_1,
          sprint2_sniper_area_1, sprint2_heavy_combat_area_1,
          sprint2_mutation_trap_area_1, sprint2_forest_area_1,
          sprint2_light_combat_area_1, sprint2_behind_water_1,
          sprint2_near_end_vault_1]

Skill      XL: |  1 |
---------------+----+-----
Fighting       | 4 |  4.7
Axes           | 4 |  4.7
Dodging        | 3 |  3.4
Armour         | |  2.4

Action                   || total
-------------------------++-------
Melee: Hand axe          ||     7
       Headbutt          ||     1
Invok: Berserk           ||     2
Dodge: Dodged            ||     3
